Map: Odyssey LE

Players

Bly - Winner!

  • Race: Zerg Zerg
  • Spawn Location: 5:00

DnS

  • Race: Protoss Protoss
  • Spawn Location: 11:00

Event: WCS Valencia 2017

VOD

Have the link to the VOD?

Description

Time

  • Played on: July 13, 2017, 7:20 a.m.
  • Length: 10:47

All games in this series

Show
View Real Time Build Order
Export as new Build Order

Bly Zerg - Winner!

Build Orders: Hatch First, Muta Ling Bane 

Get SALT Encoding   

  12  0:01  Drone  
  13  0:14  Overlord  
  13  0:17  Drone  
  14  0:33  Drone x2  
  16  0:38  Drone  
  17  0:52  Hatchery  
  17  0:57  Drone  
  17  1:00  Drone  
  17  1:01  Extractor  
  17  1:14  Spawning Pool  
  17  1:17  Drone  
  17  1:21  Drone  
  18  1:33  Drone  
  19  1:41  Overlord  
  19  1:51  Drone  
  20  2:04  Queen  
  20  2:08  Queen  
  22  2:09  Zergling x4  
  22  2:10  Metabolic Boost  
  22  2:14  Drone  
  27  2:16  Drone  
  28  2:25  Drone  
  29  2:32  Drone  
  31  2:37  Drone x2  
  32  2:50  Overlord  
  32  2:52  Hatchery  
  32  2:53  Drone  
  32  3:06  Queen  
  32  3:08  Zergling x6  
  37  3:14  Drone x4  
  40  3:22  Zergling x2  
  40  3:23  Zergling x6  
  44  3:34  Overlord  
  43  3:39  Drone  
  44  3:41  Overlord  
  44  3:46  Evolution Chamber, Overlord  
  43  3:53  Drone x6  
  50  3:58  Drone  
  51  4:03  Overlord  
  51  4:06  Drone  
  51  4:07  Overlord  
  51  4:09  Roach Warren  
  51  4:11  Extractor  
  51  4:12  Drone  
  51  4:19  Overlord  
  51  4:26  Drone x6  
  56  4:32  Overlord  
  56  4:42  Overlord  
  56  4:50  Roach x5  
  66  4:56  Roach x2  
  70  5:04  Roach  
  70  5:05  Roach x4  
  80  5:07  Extractor  
  80  5:09  Queen  
  80  5:10  Queen  
  80  5:11  Zergling x6  
  80  5:12  Zergling x6  
  89  5:17  Zergling x4  
  91  5:23  Lair, Overlord  
  88  5:36  Drone  
  88  5:37  Drone x5  
  94  5:49  Overlord  
  92  5:51  Spore Crawler  
  92  5:56  Spore Crawler  
  90  5:57  Spore Crawler  
  89  6:05  Drone x3  
  88  6:18  Drone x7  
  81  6:19  Drone  
  81  6:23  Glial Reconstitution  
  81  6:24  Spire  
  83  6:31  Drone x5  
  88  6:33  Extractor  
  88  6:35  Overseer  
  88  6:36  Hatchery  
  86  6:44  Zergling x12  
  92  6:48  Extractor  
  91  7:00  Drone x9  
  100  7:06  Overlord  
  99  7:21  Drone x7  
  99  7:22  Extractor  
  105  7:30  Hatchery  
  104  7:37  Extractor  
  104  7:39  Mutalisk  
  104  7:40  Mutalisk x8  
  121  7:45  Hatchery  
  121  7:48  Zerg Flyer Weapons Level 1  
  120  7:52  Baneling Nest, Drone  
  120  7:58  Roach  
  120  7:59  Roach x6, Overlord  
  120  8:04  Drone  
  135  8:05  Overlord  
  135  8:06  Overlord x6  
  135  8:08  Overseer  
  135  8:21  Spore Crawler, Drone x2  
  136  8:28  Mutalisk x5  
  136  8:30  Zergling x10  
  151  8:41  Centrifical Hooks  
  149  8:48  Zergling x4  
  149  8:49  Zergling x18  
  158  9:03  Mutalisk x5  
  158  9:05  Zergling x2  
  158  9:06  Zergling x16  
  173  9:13  Baneling x6  
  173  9:14  Baneling x2, Zergling x2  
  173  9:15  Zergling x6  
  176  9:28  Mutalisk x2  
  176  9:31  Extractor  
  173  9:32  Extractor, Drone  
  173  9:33  Drone x6  
  179  9:46  Mutalisk x3  
  185  9:53  Spore Crawler, Zergling x2, Spine Crawler x2  
  185  9:54  Zergling x14  
  185  9:59  Evolution Chamber  
  189  10:02  Mutalisk x3  
  189  10:03  Overlord  
  195  10:10  Baneling x9  
  191  10:22  Baneling x7  
  191  10:23  Baneling x5  
  186  10:31  Baneling x8  
Show
View Real Time Build Order
Export as new Build Order

DnS Protoss 

Build Orders: Nexus First, Zealot Archon 

Get SALT Encoding   

  12  0:00  Probe (Chrono Boost)  
  13  0:11  Probe (Chrono Boost)  
  14  0:18  Pylon  
  14  0:22  Probe (Chrono Boost)  
  15  0:36  Probe (Chrono Boost)  
  16  0:46  Probe (Chrono Boost)  
  17  0:57  Nexus  
  17  1:07  Gateway  
  17  1:10  Probe (Chrono Boost)  
  18  1:15  Assimilator  
  18  1:21  Probe (Chrono Boost)  
  18  1:23  Assimilator  
  19  1:32  Probe (Chrono Boost)  
  20  1:37  Gateway  
  20  1:42  Probe (Chrono Boost)  
  21  1:53  Probe (Chrono Boost)  
  22  1:57  Cybernetics Core  
  22  2:03  Probe (Chrono Boost)  
  23  2:11  Probe (Chrono Boost)  
  23  2:14  Probe (Chrono Boost)  
  25  2:21  Probe (Chrono Boost)  
  26  2:24  Probe (Chrono Boost)  
  27  2:32  Probe  
  27  2:33  Warp Gate, Adept x2 (Chrono Boost)  
  27  2:35  Probe  
  33  2:39  Pylon  
  34  2:44  Probe  
  34  2:47  Probe (Chrono Boost)  
  35  2:56  Probe (Chrono Boost), Stalker (Chrono Boost)  
  38  3:10  Probe  
  38  3:11  Twilight Council  
  39  3:13  Adept (Chrono Boost)  
  39  3:14  Probe  
  42  3:27  Probe  
  45  3:43  Adept (Chrono Boost)  
  45  3:45  Pylon  
  45  3:48  Pylon  
  46  3:50  Adept (Chrono Boost)  
  46  3:54  Resonating Glaives (Chrono Boost)  
  46  4:00  Pylon  
  46  4:03  Probe x2, Gateway  
  46  4:04  Gateway  
  48  4:10  Robotics Facility  
  48  4:15  Probe x2  
  50  4:20  Assimilator  
  50  4:22  Assimilator  
  50  4:24  Dark Shrine  
  50  4:27  Probe x2 (Chrono Boost)  
  53  4:38  Probe (Chrono Boost), Adept x2  
  53  4:43  Probe (Chrono Boost)  
  58  4:46  Pylon  
  58  4:49  Probe (Chrono Boost)  
  58  4:52  Probe (Chrono Boost)  
  59  4:54  Warp Prism (Chrono Boost)  
  62  5:00  Pylon  
  62  5:04  Mothership Core (Chrono Boost)  
  62  5:05  Adept x2  
  68  5:07  Adept  
  68  5:13  Adept  
  72  5:17  Pylon  
  72  5:18  Probe (Chrono Boost)  
  73  5:23  Probe (Chrono Boost)  
  72  5:30  Immortal  
  75  5:50  Dark Templar x2  
  75  5:51  Dark Templar x2  
  83  5:57  Pylon  
  83  5:59  Pylon  
  83  6:14  Immortal (Chrono Boost)  
  83  6:20  Nexus  
  83  6:23  Pylon  
  83  6:24  Probe (Chrono Boost), Pylon  
  89  6:25  Probe (Chrono Boost)  
  89  6:27  Sentry x3  
  89  6:31  Archon  
  89  6:32  Pylon, Archon  
  95  6:33  Charge (Chrono Boost)  
  95  6:35  Sentry  
  95  6:36  Probe (Chrono Boost)  
  95  6:38  Probe (Chrono Boost), Pylon  
  99  6:43  Forge  
  100  6:47  Probe  
  100  6:48  Probe  
  101  6:59  Probe  
  101  7:00  Probe  
  107  7:01  Immortal (Chrono Boost)  
  107  7:11  Probe  
  107  7:12  Probe  
  109  7:16  Gateway x2  
  109  7:19  Protoss Ground Weapons Level 1 (Chrono Boost)  
  109  7:23  Probe  
  109  7:25  Probe, Sentry  
  109  7:28  Pylon  
  113  7:32  Pylon  
  113  7:35  Probe  
  113  7:37  Probe  
  115  7:38  Immortal  
  115  7:43  Probe  
  119  7:47  Probe  
  119  7:50  Assimilator  
  121  7:52  Assimilator  
  121  7:54  Dark Templar  
  121  7:55  Probe  
  121  7:56  Probe  
  125  8:00  Gateway x2  
  125  8:02  Templar Archives  
  125  8:04  Probe  
  125  8:05  Probe  
  126  8:08  Probe  
  130  8:25  Dark Templar x2  
  130  8:26  Zealot x3  
  130  8:27  Zealot  
  142  8:31  Archon  
  128  8:38  Photon Cannon  
  128  8:42  Photon Cannon  
  128  8:43  Warp Prism  
  128  8:44  Photon Cannon  
  127  8:53  Stalker x3  
  127  8:54  Stalker  
  126  8:56  Stalker x2  
  121  9:09  Dark Templar  
  123  9:10  Dark Templar  
  123  9:13  Archon  
  123  9:16  Archon x2  
  107  9:46  Dark Templar x4  
  107  9:47  Stalker x3  
  107  9:50  Probe  
  107  9:51  Archon x2  
  107  9:52  Probe x2  
  126  10:00  Probe  
  126  10:02  Zealot  
  126  10:04  Probe x2  
  126  10:11  Mothership Core  
  121  10:18  Photon Cannon  
  121  10:20  Stalker  
  121  10:21  Stalker x4  
  119  10:33  Stalker x2  
Tags
 
Add a new tag
Caveats
  • Supply blocks, unpowered buildings, or Contaminate may cause inaccurate times.
  • Supply counts are checked every 10 seconds.